 Dungeon Crawl Stone Soup version 0.22.1-2-g9c5b331383 (webtiles) character file.

265 Gargoyl the Skirmisher (level 5, 0/69 HPs)
             Began as a Centaur Abyssal Knight on Nov 21, 2018.
             Was a Believer of Lugonu.
             Slain by an orc wizard
             ... wielding a +0 dagger
              (2 damage)
             ... on level 3 of the Dungeon.
             The game lasted 00:05:07 (3048 turns).

Gargoyl the Skirmisher (Centaur Abyssal Knight)     Turns: 3048, Time: 00:05:08

Health: 0/69       AC: 12    Str: 18 (19) XL:     5   Next: 99%
Magic:  7/7        EV:  6    Int:  8 (11) God:    Lugonu [**....]
Gold:   167        SH:  0    Dex: 10      Spells: 4/4 levels left

rFire    . . .     SeeInvis .   a - +1 hand axe
rCold    . . .     Gourm    .   (no shield)
rNeg     . . .     Faith    .   i - +0 scale mail
rPois    +         Spirit   .   (no helmet)
rElec    .         Reflect  .   (no cloak)
rCorr    .         Harm     .   g - +0 pair of gloves
MR       +....                  h - +0 centaur barding
Stlth    ..........             l - amulet of the acrobat
HPRegen  0.21/turn              (no ring)
MPRegen  0.10/turn              (no ring)

@: berserking, very quick
A: large, hooves 3, deformed body, speed 2, magic resistance 1, poison
resistance, tough skin 3
a: Depart the Abyss, Bend Space, Renounce Religion


You were on level 3 of the Dungeon.
You worshipped Lugonu.
Lugonu was pleased with you.
You were not hungry.

You visited 1 branch of the dungeon, and saw 3 of its levels.
You visited the Abyss 1 time.
You also visited: Sewer.

You collected 167 gold pieces.

Inventory:

Hand Weapons
 a - a +1 hand axe (weapon)
Missiles
 o - 4 javelins (quivered)
Armour
 g - a +0 pair of gloves (worn)
 h - a +0 centaur barding (worn)
 i - a +0 scale mail (worn)
Jewellery
 l - an amulet of the acrobat (around neck)
Scrolls
 b - a scroll of identify
 d - 4 scrolls of magic mapping
 j - a scroll of remove curse
Potions
 e - a potion of curing
 f - 3 potions of brilliance
 k - a potion of degeneration
 m - a potion of haste
Comestibles
 c - 5 rations


   Skills:
 + Level 3.7 Fighting
 + Level 3.2 Axes
 * Level 2.9 Armour
 + Level 1.4 Dodging
 * Level 3.2 Invocations


You had 4 spell levels left.
You didn't know any spells.
Your spell library was empty.

Dungeon Overview and Level Annotations

Branches:
Dungeon (3/15)

Altars:
Kikubaaqudgha
Qazlal


Innate Abilities, Weirdness & Mutations

You have hooves in place of feet.
Armour fits poorly on your strangely shaped body.
You cover ground very quickly.
You have extremely tough skin. (AC +3)
You are resistant to hostile enchantments. (MR+)
Your system is resistant to poisons. (rPois)


Message History

* * * LOW HITPOINT WARNING * * *
You closely miss something. Your kick misses something.
Something hits you but does no damage. x2
You closely miss something. Something hits you but does no damage.
You closely miss something. Your kick misses something.
Something hits you but does no damage. x2
You hit something but do no damage. Something hits you but does no damage.
Something hits you.
* * * LOW HITPOINT WARNING * * *
It was a potion of berserk rage.
A red film seems to cover your vision as you go berserk!
You feel yourself moving faster!
You feel mighty! Something hits you but does no damage.
You barely miss something. Your kick misses something.
You hear some strange, mumbled words.
A puff of frost appears from out of thin air!
The puff of frost hits you!
* * * LOW HITPOINT WARNING * * *
You hit something. Something hits you.
You die...

#....# #.#### ..
#.# ...###### #.#
........###.# ##
#.....o...# #.
....###o##### #. #
#{# #. #.#####@#
#.
........#########
#.
#.######........#
#.
#.#........####.#
#.
######.#.####.#.#
#.
...##.#.####.#.###
#.
#.##.#.##.......#
##
#.........#.#.#.#
#
#(.....####......
#


You could see 2 orcs.

Vanquished Creatures
  A crocodile (Sewer)
  A scorpion (D:3)
  4 adders
  2 oozes
  4 worms
  4 dart slugs
  3 leopard geckos
  2 orcs (D:3)
  2 giant cockroaches
  4 goblins
  9 hobgoblins
  6 jackals
  12 kobolds
  A quokka (D:2)
  9 bats
  3 frilled lizards
  12 rats
  A plant (D:1)
80 creatures vanquished.

Notes
Turn   | Place    | Note
-------+----------+-------------------------------------------
     0 | Abyss:1  | Gargoyl the Centaur Abyssal Knight began the quest for the
                  | Orb.
     0 | Abyss:1  | Reached XP level 1. HP: 19/19 MP: 2/2
    27 | Abyss:2  | Gained mutation: Your system is resistant to poisons.
                  | (rPois) [potion of mutation]
    27 | Abyss:2  | Gained mutation: You are resistant to hostile enchantments.
                  | (MR+) [potion of mutation]
    71 | Abyss:2  | Noticed a hell hound
    71 | Abyss:2  | Noticed a hell hound
    71 | Abyss:2  | Noticed a hell hound
    72 | D:1      | Escaped the Abyss
   399 | D:1      | Reached XP level 2. HP: 13/26 MP: 3/3
   611 | D:1      | Reached * piety under Lugonu
   866 | D:1      | Reached XP level 3. HP: 25/31 MP: 4/4
  1505 | D:2      | Reached ** piety under Lugonu
  1571 | D:2      | Reached skill level 1 in Dodging
  1609 | D:2      | Reached XP level 4. HP: 36/38 MP: 5/5
  1729 | D:2      | Found a stormy altar of Qazlal.
  2207 | D:3      | Reached XP level 5. HP: 33/45 MP: 5/7
  2232 | D:3      | Found an ancient bone altar of Kikubaaqudgha.
  2319 | D:3      | Found a glowing drain.
  2339 | Sewer    | Entered a sewer
  2395 | Sewer    | Noticed a crocodile
  2429 | Sewer    | Killed a crocodile
  2455 | Sewer    | Got a brightly glowing mace
  2456 | Sewer    | Identified the cursed +0 mace "Tinodome" {crush, +Rage
                  | rElec rF+ SInv} (You found it in a sewer)
  3047 | D:3      | HP: 2/69 [something/puff of frost (7)]
  3048 | D:3      | Slain by an orc wizard

Skill      XL: |  1  2  3  4  5 |
---------------+----------------+-----
Axes           | 2 3 |  3.2
Armour         | 2 |  2.9
Dodging        | 1 |  1.4
Invocations    | 3 |  3.2
Fighting       | |  3.7

Action                   |  1- 3 |  4- 6 || total
-------------------------+-------+-------++-------
Melee: Hand axe          |   136 |   128 ||   264
       Kick              |    35 |    20 ||    55
Invok: Depart the Abyss  |     1 |       ||     1
       Bend Space        |       |     1 ||     1
  Use: Potion            |     3 |     4 ||     7
       Scroll            |     3 |     4 ||     7
  Eat: Chunk             |     1 |     1 ||     2
       Ration            |       |     1 ||     1
Armor: Leather armour    |    17 |       ||    17
       Scale mail        |    75 |   120 ||   195
Dodge: Dodged            |    38 |    36 ||    74
